 Dungeon Crawl Stone Soup version 0.27-a0-797-g27d10ad80f (webtiles) character file.

Game seed: 4400707345147275896

12 polve the Skirmisher (level 2, -1/24 HPs)
             Began as a Demonspawn Abyssal Knight on Mar 27, 2021.
             Was a Follower of Lugonu.
             Killed from afar by a dart slug (4 damage)
             ... with a slug dart
             ... on level 1 of the Dungeon.
             The game lasted 00:00:26 (955 turns).

polve the Skirmisher (Demonspawn Abyssal Knight)     Turns: 955, Time: 00:00:26

Health: -1/24      AC:  4    Str: 12    XL:     2   Next: 20%
Magic:  3/3        EV: 11    Int: 13    God:    Lugonu [*.....]
Gold:   57         SH:  0    Dex: 12    Spells: 1/1 levels left

rFire    . . .     SeeInvis .   a - +1 falchion
rCold    . . .     Faith    .   (no shield)
rNeg     . . .     Spirit   .   d - +2 robe {Will+}
rPois    .         Reflect  .   (no helmet)
rElec    .         Harm     .   (no cloak)
rCorr    .         Rampage  .   (no gloves)
Will     +....                  (no boots)
Stlth    +.........             (no amulet)
HPRegen  0.08/turn              (no ring)
MPRegen  0.08/turn              (no ring)

@: no status effects
A: powered by pain 1
a: Renounce Religion, Depart the Abyss


You were on level 1 of the Dungeon.
You worshipped Lugonu.
Lugonu was aware of your devotion.
You visited 1 branch of the dungeon, and saw 1 of its levels.
You visited the Abyss 1 time.

You collected 57 gold pieces.

Inventory:

Hand Weapons
 a - a +1 falchion (weapon)
Armour
 d - a +2 robe of willpower (worn)
Scrolls
 c - a scroll of identify {unknown}


   Skills:
 - Level 3.0 Fighting
 + Level 2.6 Long Blades
 - Level 1.7 Armour
 - Level 0.8 Dodging
 - Level 2.4 Invocations


You had one spell level left.
You didn't know any spells.
Your spell library was empty.

Dungeon Overview and Level Annotations

Branches:
Dungeon (1/15)

Altars:


Innate Abilities, Weirdness & Mutations

You sometimes gain a little power by taking damage.


Message History

The slug dart misses you. The dart slug bites you.
The dart slug launches a dart at you.
The slug dart hits you but does no damage.
The dart slug bites you but does no damage.
The dart slug closely misses you. The dart slug completely misses you.
The dart slug closely misses you.
The dart slug bites you but does no damage.
The dart slug closely misses you. The dart slug closely misses you.
The dart slug bites you but does no damage.
The dart slug launches a dart at you. The slug dart hits you.
The dart slug misses you. The dart slug bites you.
The dart slug launches a dart at you. The slug dart hits you.
The dart slug bites you but does no damage.
The dart slug bites you but does no damage.
The dart slug completely misses you.
The dart slug bites you but does no damage.
The dart slug bites you. The dart slug misses you.
The dart slug bites you but does no damage.
The dart slug closely misses you. The dart slug launches a dart at you.
The slug dart hits you.
The dart slug bites you but does no damage.
The dart slug bites you.
* * * LOW HITPOINT WARNING * * *
The dart slug bites you.
* * * LOW HITPOINT WARNING * * *
The dart slug launches a dart at you. The slug dart misses you.
The dart slug bites you.
* * * LOW HITPOINT WARNING * * *
The dart slug launches a dart at you. The slug dart hits you.
You die...

.# #..#...#
.###....### #.
..##.#### . #....#
##. ....)#########
#..
.#...........###.#
.###########...#.#
.##Pb.# ###.#w#
..#b..# #.#@#
###P..# #...#
..#PPb# #####
#.#.PP# . .#


You could see a dart slug.

Vanquished Creatures
  A dart slug (D:1)
  2 endoplasms (D:1)
  A giant cockroach (D:1)
  A goblin (D:1)
  2 hobgoblins (D:1)
  A ball python (D:1)
  A bat (D:1)
9 creatures vanquished.

Notes
Turn   | Place    | Note
-------+----------+-------------------------------------------
     0 | Abyss:1  | polve the Demonspawn Abyssal Knight began the quest for the
                  | Orb.
     0 | Abyss:1  | Reached XP level 1. HP: 18/18 MP: 2/2
    54 | Abyss:1  | Noticed a daeva
    54 | Abyss:1  | Noticed a quasit
    55 | D:1      | Escaped the Abyss
   671 | D:1      | Gained mutation: You sometimes gain a little power by
                  | taking damage. [demonic ancestry]
   671 | D:1      | Reached XP level 2. HP: 20/24 MP: 3/3
   757 | D:1      | Reached * piety under Lugonu
   955 | D:1      | Killed from afar by a dart slug

Illustrated notes

Levels and vault maps discovered:
D:1:      sevenhm_arrival_forest_fort_large_4, layout_rooms, serial_aquarium,
          aquarium_bridge_square [aquarium_subvault_bridge,
          aquarium_subvault_window, aquarium_subvault_bridge,
          aquarium_subvault_bridge], aquarium_window_corridor_2,
          aquarium_window_fake, aquarium_window_fake, aquarium_view_2f,
          aquarium_view_2c, aquarium_balcony_3b, aquarium_pool_side

Skill      XL: |  1 |
---------------+----+-----
Long Blades    | 2 |  2.6
Fighting       | |  3.0
Armour         | |  1.7
Dodging        | |  0.8
Invocations    | |  2.4

Action                   || total
-------------------------++-------
Melee: Falchion          ||    29
Invok: Depart the Abyss  ||     1
  Use: Potion            ||     1
Armor: Robe              ||    18
       Leather armour    ||     1
Dodge: Dodged            ||    49
       Rpst.: Falchion   ||    10

Table legend: (Time is in decaauts)
 A = Elapsed time spent in this place.
 B = Non-inter-level travel time spent in this place.
 C = Inter-level travel time spent in this place.
 D = Time resting spent in this place.
 E = Time spent auto-exploring this place.
 F = Levels seen in this place.
 G = Mean time per level.
                   A        B        C        D        E       F      G
               +--------+--------+--------+--------+--------+-----+--------+
         Total |    960 |    934 |     26 |      0 |    750 |   2 |  480.0 |
       Dungeon |    905 |    879 |     26 |      0 |    697 |   1 |  905.0 |
         Abyss |     55 |     55 |      0 |      0 |     53 |   1 |   55.0 |
               +--------+--------+--------+--------+--------+-----+--------+

Top non-repeatable levels by time:
     D:1: 905 daAuts
 Abyss:1: 55 daAuts
